 Dungeon Crawl Stone Soup version 0.29-a0-330-g52719c12eb (webtiles) character file.

Game seed: 220224849567101793

95513 Gwenloh the Tortoise (level 15, -4/114 HPs)
             Began as a Minotaur Fighter on May 28, 2022.
             Was a High Priest of Hepliaklqana.
             Slain by a tentacle (17 damage)
             ... attached to a kraken
             ... on level 2 of the Shoals on May 29, 2022.
             The game lasted 01:46:44 (31482 turns).

Gwenloh the Tortoise (Minotaur Fighter)            Turns: 31482, Time: 01:46:44

Health: -4/114     AC: 21    Str: 22    XL:     15   Next: 66%
Magic:  22/22      EV: 23    Int:  7    God:    Hepliaklqana [*****.]
Gold:   1089       SH:  7    Dex: 20    Spells: 14/14 levels left

rFire   . . .      SeeInvis .   b - +5 flail of Beogh's Grace {flame, rElec}
rCold   . . .      Faith    +   c - +0 buckler
rNeg    . . .      Spirit   .   M - +2 swamp dragon scales
rPois   +          Reflect  .   U - +2 hat {Stlth+}
rElec   +          Harm     .   y - +2 cloak {Will+}
rCorr   .          Rampage  .   (no gloves)
Will    ++...                   J - +0 pair of boots of Liberty {Dex+6 Stlth+}
Stlth   +++.......              v - amulet of faith
HPRegen 0.29/turn               p - ring of flight
MPRegen 0.18/turn               S - +4 ring of evasion

@: flying, studying 2 skills
A: reduced essence, horns 2, retaliatory headbutt, frail 1, wild magic 1
a: Renounce Religion, Recall Ancestor, Ancestor Identity, Transference, Idealise


You were on level 2 of the Shoals.
You worshipped Hepliaklqana.
Hepliaklqana was extremely pleased with you.
You visited 5 branches of the dungeon, and saw 21 of its levels.
You also visited: Ossuary.

You collected 2571 gold pieces.
You spent 1482 gold pieces at shops.

Inventory:

Hand Weapons
 b - the +5 flail of Beogh's Grace (weapon) {flame, rElec}
   (You found it on level 3 of the Lair of Beasts)

   It burns those it strikes, dealing additional fire damage.
   rElec:     It insulates you from electricity.
 n - a +1 antimagic spear
 Q - a +3 battleaxe
Missiles
 q - 25 boomerangs (quivered)
 F - 5 javelins
 W - 6 silver boomerangs
Armour
 c - a +0 buckler (worn)
 r - +0 acid dragon scales
 s - +0 fire dragon scales
 y - a +2 cloak of willpower (worn)
 J - the +0 pair of boots of Liberty (worn) {Dex+6 Stlth+}
   (You found it on level 1 of the Spider Nest)

   Dex:       It affects your dexterity (+6).
   Stlth:     It makes you more stealthy.
 M - +2 swamp dragon scales (worn)
 O - quicksilver dragon scales
 U - a +2 hat of stealth (worn)
 X - a +1 pair of boots
Jewellery
 d - an amulet of the acrobat
 p - a ring of flight (left hand)
 v - an amulet of faith (around neck)
 x - a ring of positive energy
 z - a ring of poison resistance
 I - a ring of resist corrosion
 L - a ring of protection from fire
 S - a +4 ring of evasion (right hand)
 T - the ring of Dyshre Zenta {*Slow rPois rN++ Str+6}
   (You found it on level 9 of the Dungeon)

   [ring of strength]

   Str:       It affects your strength (+6).
   rPois:     It protects you from poison.
   rN:        It greatly protects you from negative energy.
   *Slow:     It may slow you when you take damage.
Wands
 w - a wand of flame (37)
 A - a wand of mindburst (6)
 D - a wand of acid (7)
Scrolls
 f - 13 scrolls of teleportation
 g - 2 scrolls of vulnerability
 h - 3 scrolls of enchant weapon
 m - 2 scrolls of immolation
 o - a scroll of summoning
 B - 2 scrolls of identify
 K - 3 scrolls of magic mapping
 N - 4 scrolls of blinking
 P - 5 scrolls of fear
 V - a scroll of holy word
 Z - 3 scrolls of fog
Potions
 a - 2 potions of haste
 e - a potion of flight
 i - 2 potions of invisibility
 k - 6 potions of brilliance
 l - 11 potions of curing
 u - 2 potions of cancellation
 C - 6 potions of attraction
 E - 5 potions of berserk rage
 G - 4 potions of magic
 H - a potion of resistance
 Y - 4 potions of mutation
Miscellaneous
 j - a piece from Xom's chessboard (15/15)
 R - a lightning rod (3/4)


   Skills:
 * Level 15.8 Fighting
 * Level 15.7 Axes
 * Level 4.5 Throwing
 * Level 15.9 Armour
 + Level 12.0 Dodging
 - Level 10.1 Shields
 + Level 11.6 Invocations


You had 14 spell levels left.
You didn't know any spells.
Your spell library contained the following spells:

 Spells                   Type           Power      Damage    Failure   Level
 Foxfire                  Conj/Fire      0%         2x1d4     69%         1
 Magic Dart               Conj           0%         1d3       69%         1
 Pain                     Necr           0%         1d4       69%         1
 Call Imp                 Summ           0%         N/A       82%         2
 Corpse Rot               Necr/Air       0%         N/A       82%         2
 Conjure Flame            Conj/Fire      0%         6-21      96%         3
 Dazzling Flash           Conj/Hex       0%         N/A       96%         3
 Inner Flame              Hex/Fire       0%         N/A       96%         3
 Mephitic Cloud           Conj/Pois/Air  0%         N/A       96%         3
 Tukima's Dance           Hex            0%         N/A       96%         3
 Animate Dead             Necr           0%         N/A       100%        4
 Dispel Undead            Necr           0%         3d6       100%        4
 Flame Wave               Conj/Fire      0%         2d4       100%        4
 Iskenderun's Mystic Bla  Conj/Tloc      0%         2d3       100%        4
 Passage of Golubria      Tloc           0%         N/A       100%        4
 Agony                    Necr           0%         N/A       100%        5
 Alistair's Intoxication  Tmut/Pois      0%         N/A       100%        5
 Borgnjor's Vile Clutch   Necr/Erth      0%         N/A       100%        5
 Excruciating Wounds      Necr           0%         N/A       100%        5
 Iskenderun's Battlesphe  Conj           0%         2d6       100%        5
 Yara's Violent Unravell  Hex/Tmut       0%         3d3       100%        5
 Death Channel            Necr           0%         N/A       100%        6
 Eringya's Noxious Bog    Tmut/Pois      0%         N/A       100%        6
 Iron Shot                Conj/Erth      0%         9d1       100%        6
 Starburst                Conj/Fire      0%         6d3       100%        6
 Haunt                    Necr/Summ      0%         N/A       100%        7
 Spellforged Servitor     Conj/Summ      0%         N/A       100%        7
 Infestation              Necr           0%         N/A       100%        8


Dungeon Overview and Level Annotations

Branches:
Dungeon (10/15)            Temple (0/1) D:7            Lair (6/6) D:10
 Shoals (2/4) Lair:3       Spider (1/4) Lair:2        Slime (0/5) Lair:5
    Orc (2/2) D:10            Elf (0/3) Orc:2       Ossuary (visited)

Altars:
Dithmenos
Elyvilon
Hepliaklqana
Ru
Sif Muna
Trog
Wu Jian
Zin
Beogh

Shops:
D:1 *   D:4 !   D:5 ?   D:7 !   D:9 [   Orc:2 [!:*

Portals:
Pandemonium: Orc:2

Annotations:
Shoals:2 Polyphemus


Innate Abilities, Weirdness & Mutations

Your life essence is reduced to manifest your ancestor. (-10% HP)
You have a pair of horns on your head.
You reflexively headbutt those who attack you in melee.
You are frail. (-10% HP)
Your spells are a little harder to cast, but a little more powerful.


Message History

Press: ? - help, Shift-Dir - straight line, f/p - kraken
Aim: a kraken (ink, water, severely wounded, ally target, chance to affect: 29%)
The kraken easily resists.
The tentacle completely misses you. You furiously retaliate!
You headbutt the tentacle.
The tentacle slaps Mira!
The tentacle slaps Mira!!
Mira is destroyed!
The kraken bites you but does no damage.
You block the tentacle's attack. The tentacle barely misses you. x2
That's the wrong kind of item! (Use * to select it.) Evoke which item? (* to show all) (? for menu, Esc to quit)
That's the wrong kind of item! (Use * to select it.) Evoke which item? (* to show all) (? for menu, Esc to quit)
That's the wrong kind of item! (Use * to select it.) Evoke which item? (* to show all) (? for menu, Esc to quit)
Aiming: Mindburst
Press: ? - help, Shift-Dir - straight line, f/p - kraken
Aim: a kraken (ink, water, severely wounded, chance to affect: 29%)
The kraken's mind is blasted!
The kraken squirts a massive cloud of ink into the water!
You block the tentacle's attack. The tentacle slaps you!
* * * LOW HITPOINT WARNING * * *
You block the tentacle's attack. The tentacle barely misses you.
The kraken completely misses you. You furiously retaliate!
You headbutt the kraken, but do no damage.
The tentacle slaps you but does no damage. x2
The tentacle slaps you.
* * * LOW HITPOINT WARNING * * *
The tentacle slaps you!
* * * LOW HITPOINT WARNING * * *
That's the wrong kind of item! (Use * to select it.) Evoke which item? (* to show all) (? for menu, Esc to quit)
That's the wrong kind of item! (Use * to select it.) Evoke which item? (* to show all) (? for menu, Esc to quit)
That's the wrong kind of item! (Use * to select it.) Evoke which item? (* to show all) (? for menu, Esc to quit)
Aiming: Mindburst
Press: ? - help, Shift-Dir - straight line, f/p - kraken
Aim: a kraken (ink, water, almost dead, chance to affect: 29%)
The kraken easily resists.
The tentacle slaps you!
You die...

≈≈≈≈≈≈≈≈≈≈≈≈..## ##.≈≈≈
≈≈≈≈≈≈≈≈≈≈≈≈...####..≈≈
≈≈≈≈§§≈≈≈≈...........≈≈
≈≈≈≈§≈≈≈≈≈..≈≈≈....≈≈≈≈
≈≈≈≈≈§§§§§..≈≈≈...≈≈≈≈≈
≈≈≈≈§§§§§§≈?...≈≈≈)≈≈≈≈
≈≈≈≈§§§§§)≈≈≈.≈≈≈≈≈≈≈≈≈
≈≈§Xww§§≈≈≈≈≈≈≈≈≈≈≈≈≈
≈≈≈≈§w@§§≈≈≈≈≈≈≈≈≈≈≈≈≈≈
≈≈≈≈§w§§§≈≈≈≈≈≈≈≈≈≈≈≈≈≈
≈≈≈§≈§§§§≈≈≈≈≈≈≈≈≈≈≈≈≈≈
≈≈≈§§≈≈≈≈≈≈≈≈≈≈≈≈≈≈≈≈≈≈
≈≈≈≈≈≈≈≈≈≈≈≈≈≈≈≈≈≈≈≈≈≈≈
≈≈≈≈≈≈≈≈≈≈≈≈≈≈≈≈≈≈≈
≈≈≈≈≈≈≈≈≈≈≈≈≈≈≈≈≈
≈≈≈≈≈≈≈ ≈≈≈≈≈≈


You could see a kraken and 4 tentacles.

Vanquished Creatures
  An emperor scorpion (Spider:1)
  An orc warlord (Orc:1)
  2 ghost moths (Spider:1)
  A merfolk impaler (Shoals:1)
  2 hydras
  A demonspawn (Orc:2)
  2 boulder beetles (Spider:1)
  A catoblepas (Shoals:1)
  A merfolk avatar (Shoals:1)
  8 death yaks
  5 orc high priests (Orc:2)
  5 sea snakes
  The ghost of shazbat the Geomancer, a novice GrEE of Vehumet (D:9)
  A swamp dragon (Lair:6)
  A pharaoh ant (Spider:1)
  A steelbarb worm (Lair:2)
  2 lindwurms (Lair:6)
  6 orc knights
  8 harpies (Shoals:1)
  5 orc sorcerers
  2 wolf spiders (Spider:1)
  5 manticores
  A merfolk siren (Shoals:2)
  2 elephants
  A rust devil (Orc:2)
  5 cane toads
  4 torpor snails
  Joseph (D:7)
  A black mamba (Lair:4)
  2 orange demons
  Maggie (D:6)
  8 komodo dragons
  2 rime drakes
  3 demonic crawlers (Spider:1)
  13 merfolk
  A troll (D:9)
  2 wind drakes
  Grinder (D:4)
  3 polar bears
  2 tyrant leeches (Lair:6)
  A tarantella (Spider:1)
  7 hornets
  4 blink frogs
  3 snapping turtles
  6 dream sheep (Lair:4)
  7 jumping spiders
  5 culicivoras (Spider:1)
  A water elemental (Lair:3)
  A ynoxinul (Orc:2)
  A spriggan (Lair:1)
  28 yaks
  2 basilisks
  2 fire bats (Lair:2)
  5 wyverns
  2 steam dragons
  14 redbacks
  Edmund (D:6)
  2 acid dragons (Lair:6)
  3 wargs
  9 water moccasins
  2 swamp drakes
  19 orc warriors
  A meliai simulacrum (D:9)
  An ice beast (D:6)
  A sky beast (D:6)
  5 ogres (Orc:2)
  5 centaurs
  7 wolves
  Blork the orc (D:6)
  A necrophage (D:5)
  11 bullfrogs
  A gnoll sergeant (D:8)
  A scorpion (D:7)
  2 water moccasin zombies (Ossuary)
  3 wights (D:9)
  3 killer bees (D:9)
  An electric eel (Lair:4)
  5 howler monkeys
  3 bullfrog zombies (Ossuary)
  6 centaur zombies (Ossuary)
  A hound (D:7)
  17 orc priests
  Crazy Yiuf (D:4)
  2 gnoll shamans (D:5)
  2 jellies
  7 iguanas
  3 hexers
  13 orc wizards
  Natasha (thrice) (D:4)
  A killer bee zombie (Ossuary)
  13 mummies (Ossuary)
  17 gnolls
  8 adders
  2 white imps (D:6)
  A worm (D:3)
  2 dart slugs (D:3)
  50 orcs
  4 ball pythons
  6 bats
  6 endoplasms
  4 giant cockroaches
  8 goblins
  6 hobgoblins
  7 jackals
  5 kobolds
  4 quokkas
  5 frilled lizards
  A goblin zombie (D:5)
  2 rats (D:1)
  A rat zombie (D:5)
  A tentacle (Shoals:2)
501 creatures vanquished.

Vanquished Creatures (collateral kills)
  Gastronok (D:9)
  2 fire dragons (Lair:6)
  A merfolk impaler (Shoals:2)
  A boulder beetle (Spider:1)
  A demonspawn (Orc:2)
  A merfolk aquamancer (Shoals:1)
  A two-headed ogre (D:9)
  A death yak (Shoals:2)
  3 orc high priests (Orc:2)
  Sonja (Lair:5)
  Amaemon (Lair:2)
  Pikel (D:7)
  2 sea snakes
  A harpy (Shoals:1)
  2 orc sorcerers (Orc:2)
  A wolf spider (Spider:1)
  A spectral centaur (D:9)
  3 manticores (Shoals:1)
  6 elephants
  2 torpor snails (Lair:6)
  A black mamba (Lair:2)
  6 cane toads
  3 komodo dragons
  3 rime drakes
  2 merfolk
  A hornet (Lair:6)
  A wind drake (Shoals:1)
  Prince Ribbit (D:7)
  A tyrant leech (Lair:6)
  A snapping turtle (Shoals:1)
  A blink frog (Lair:5)
  3 jumping spiders (Spider:1)
  A centaur simulacrum (D:9)
  3 water elementals (Shoals:1)
  A fire bat (Lair:1)
  11 yaks
  3 wyverns
  2 basilisks
  3 redbacks (Spider:1)
  A warg (Orc:2)
  An acid dragon (Lair:6)
  7 water moccasins
  An ice beast (D:6)
  7 orc warriors
  An ogre (Orc:1)
  2 sky beasts
  2 wolves (Lair:2)
  A centaur (Lair:3)
  A gnoll sergeant (D:9)
  3 bullfrogs
  A scorpion (D:7)
  2 killer bees (D:9)
  An electric eel (Lair:4)
  A howler monkey (D:9)
  A bullfrog zombie (Ossuary)
  A centaur zombie (Ossuary)
  6 jellies
  6 orc priests
  A gnoll shaman (D:10)
  An iguana (D:7)
  6 orc wizards
  A killer bee zombie (Ossuary)
  3 mummies (Ossuary)
  9 gnolls
  3 adders
  A shadow imp (D:5)
  14 orcs
  An endoplasm (Lair:5)
  A goblin (D:4)
  A tentacle (Shoals:2)
169 creatures vanquished.

Vanquished Creatures (others)
  A blink frog (Lair:2)
  An orc priest (Orc:2)
  25 hexers
  5 ancestors
  13 fungi
  71 plants
  11 tentacles (Shoals:2)
  4 withered plants (Ossuary)
131 creatures vanquished.

Grand Total: 801 creatures vanquished

Notes
Turn   | Place    | Note
-------+----------+-------------------------------------------
     0 | D:1      | Gwenloh the Minotaur Fighter began the quest for the Orb.
     0 | D:1      | Reached XP level 1. HP: 19/19 MP: 0/0
    42 | D:1      | Reached XP level 2. HP: 26/27 MP: 1/1
    85 | D:1      | Found Jyinoab's General Store.
   418 | D:1      | Reached XP level 3. HP: 33/33 MP: 2/2
   767 | D:2      | Reached XP level 4. HP: 40/40 MP: 3/3
   781 | D:2      | Found a faded altar of an unknown god.
   781 | D:2      | Noticed a golden eye
   801 | D:2      | Found a hazy altar of Hepliaklqana.
  1242 | D:2      | Noticed a golden eye
  1246 | D:2      | Noticed a golden eye
  1252 | D:2      | Noticed a shining eye
  1444 | D:2      | Became a worshipper of Hepliaklqana the Forgotten
  1842 | D:3      | Reached XP level 5. HP: 47/47 MP: 4/4
  1940 | D:4      | Noticed Grinder
  1967 | D:4      | Killed Grinder
  1968 | D:4      | Reached skill level 5 in Fighting
  1968 | D:4      | Reached skill level 5 in Armour
  1968 | D:4      | Reached skill level 5 in Shields
  1968 | D:4      | Reached XP level 6. HP: 47/56 MP: 1/5
  1974 | D:4      | Identified the +1 spear of the Dead {vorpal, rF+++ Str-5
                  | Int-2 SInv}
  2354 | D:4      | Reached * piety under Hepliaklqana
  2519 | D:4      | Found Egemofad's Distillery.
  2528 | D:4      | Bought a potion of curing for 42 gold pieces
  2528 | D:4      | Bought a potion of heal wounds for 70 gold pieces
  2753 | D:4      | Noticed Natasha
  2756 | D:4      | Killed Natasha
  3031 | D:4      | Noticed Natasha
  3042 | D:4      | Killed Natasha
  3453 | D:4      | Found a runed translucent door.
  3454 | D:4      | Noticed Crazy Yiuf
  3540 | D:4      | Noticed Natasha
  3549 | D:4      | Killed Natasha
  3700 | D:4      | Killed Crazy Yiuf
  3809 | D:5      | Entered Level 5 of the Dungeon
  3809 | D:5      | Found Sefipeuff's Magic Scroll Boutique.
  3815 | D:5      | Reached skill level 5 in Axes
  3963 | D:5      | Found a sand-covered staircase.
  3979 | Ossuary  | Entered an ossuary
  3988 | Ossuary  | Reached XP level 7. HP: 55/55 MP: 6/6
  4341 | Ossuary  | Reached XP level 8. HP: 30/63 MP: 7/7
  5015 | D:5      | Reached ** piety under Hepliaklqana
  5016 | D:5      | Remembered your ancestor Mira as a hexer
  5541 | D:6      | Noticed Blork the orc
  5549 | D:6      | Killed Blork the orc
  5602 | D:6      | Found a white marble altar of Elyvilon.
  5637 | D:6      | Noticed Edmund
  5642 | D:6      | Reached skill level 1 in Invocations
  5646 | D:6      | Killed Edmund
  5762 | D:6      | Reached XP level 9. HP: 58/72 MP: 7/9
  6271 | D:6      | Noticed Maggie
  6271 | D:6      | Noticed a komodo dragon
  6277 | D:6      | Killed a komodo dragon
  6288 | D:6      | Killed Maggie
  6592 | D:7      | Found Hocu's Distillery.
  6621 | D:7      | Found a staircase to the Ecumenical Temple.
  6634 | D:7      | Noticed Prince Ribbit
  6639 | D:7      | Killed Prince Ribbit
  6798 | D:7      | Found a shadowy altar of Dithmenos.
  6801 | D:7      | Noticed Joseph
  6811 | D:7      | Killed Joseph
  6838 | D:7      | Found an ornate altar of the Wu Jian Council.
  6933 | D:7      | Reached *** piety under Hepliaklqana
  6941 | D:7      | Noticed Pikel
  6948 | D:7      | Killed Pikel
  6949 | D:7      | Reached XP level 10. HP: 80/81 MP: 10/12
  7633 | D:8      | Noticed a manticore
  7649 | D:8      | Killed a manticore
  8103 | D:8      | Reached skill level 5 in Invocations
  8406 | D:8      | Reached **** piety under Hepliaklqana
  8844 | D:9      | Reached skill level 10 in Armour
  8847 | D:9      | Reached skill level 10 in Shields
  8855 | D:9      | Reached skill level 10 in Fighting
  9099 | D:9      | Found Wurepneo's Antique Armour Boutique.
  9225 | D:9      | Found a glowing silver altar of Zin.
  9325 | D:9      | Reached skill level 1 in Dodging
  9410 | D:9      | Noticed a two-headed ogre
  9420 | D:9      | Killed a two-headed ogre
  9421 | D:9      | Reached XP level 11. HP: 47/90 MP: 14/14
  9608 | D:9      | Reached skill level 10 in Axes
  9638 | D:9      | Found a runed translucent gate.
  9639 | D:9      | Found a runed translucent gate.
  9639 | D:9      | Noticed shazbat's ghost (novice GrEE)
  9640 | D:9      | Found a runed translucent gate.
  9667 | D:9      | Found a sacrificial altar of Ru.
  9848 | D:9      | Identified the ring of Dyshre Zenta {*Slow rPois rN++
                  | Str+6}
  9852 | D:9      | Noticed Gastronok
  9858 | D:9      | Killed Gastronok
 10037 | D:9      | Found a shimmering blue altar of Sif Muna.
 10741 | D:9      | Killed shazbat's ghost
 11030 | D:10     | Entered Level 10 of the Dungeon
 11521 | D:10     | Found a staircase to the Orcish Mines.
 11612 | D:10     | Reached ***** piety under Hepliaklqana
 11871 | D:10     | Found a staircase to the Lair.
 12070 | Lair:1   | Entered Level 1 of the Lair of Beasts
 13038 | Lair:1   | Reached XP level 12. HP: 94/99 MP: 16/16
 13046 | Lair:1   | Reached skill level 5 in Dodging
 13169 | Lair:2   | Noticed Amaemon
 13819 | Lair:2   | Found a hole to the Spider Nest.
 13845 | Lair:2   | Noticed a seven-headed hydra
 13866 | Lair:2   | Killed a seven-headed hydra
 14751 | Lair:2   | Killed Amaemon
 15135 | Lair:3   | Identified the +5 flail of Beogh's Grace {flame, rElec}
 15450 | Lair:3   | Found a staircase to the Shoals.
 16135 | Lair:4   | Reached XP level 13. HP: 78/107 MP: 18/18
 16551 | Lair:4   | Reached ****** piety under Hepliaklqana
 17060 | Lair:5   | Noticed Sonja
 17073 | Lair:5   | Killed Sonja
 17662 | Lair:5   | Found a staircase to the Slime Pits.
 18326 | Lair:6   | Entered Level 6 of the Lair of Beasts
 18897 | Lair:6   | Noticed a fire dragon
 18911 | Lair:6   | Killed a fire dragon
 19317 | Lair:6   | Found a runed translucent door.
 19318 | Lair:6   | Noticed a fire dragon
 19344 | Lair:6   | Reached skill level 10 in Invocations
 19889 | Lair:6   | Reached XP level 14. HP: 62/117 MP: 20/20
 20572 | Orc:1    | Entered Level 1 of the Orcish Mines
 20572 | Orc:1    | Found a bloodstained altar of Trog.
 21557 | Orc:2    | Entered Level 2 of the Orcish Mines
 21557 | Orc:2    | Noticed an orc warlord
 22085 | Orc:1    | Killed an orc warlord
 22269 | Orc:2    | Found a staircase to the Elven Halls.
 22449 | Orc:2    | Found Jemokuac's Distillery.
 22452 | Orc:2    | Found Zakosom's General Store.
 23361 | Orc:2    | Reached skill level 10 in Dodging
 23666 | Orc:2    | Gained mutation: You sometimes lose the ability to read
                  | scrolls when taking damage. [a neqoxec]
 23670 | Orc:2    | Gained mutation: You have large cloven feet. [a neqoxec]
 23671 | Orc:2    | Gained mutation: Your magical capacity is low. (-10% MP) [a
                  | neqoxec]
 24018 | Orc:2    | Found a runed translucent door.
 24056 | Orc:2    | Found Zeosedac's Antique Armour Boutique.
 24056 | Orc:2    | Found Goluodug's Book Shop.
 24056 | Orc:2    | Found a one-way gate leading to the halls of Pandemonium.
 24097 | Orc:2    | Bought a potion of heal wounds for 60 gold pieces
 24099 | Orc:2    | Bought a potion of heal wounds for 60 gold pieces
 24099 | Orc:2    | Bought a potion of heal wounds for 60 gold pieces
 24099 | Orc:2    | Bought a scroll of blinking for 90 gold pieces
 24099 | Orc:2    | Bought a potion of heal wounds for 60 gold pieces
 24133 | Orc:2    | Bought a manual of Dodging for 1040 gold pieces
 25119 | Spider:1 | Entered Level 1 of the Spider Nest
 26101 | Spider:1 | Reached skill level 15 in Armour
 26221 | Spider:1 | Found a transporter.
 26274 | Spider:1 | Noticed an emperor scorpion
 26294 | Spider:1 | Killed an emperor scorpion
 26295 | Spider:1 | Reached skill level 15 in Fighting
 26767 | Spider:1 | Reached skill level 1 in Throwing
 26774 | Spider:1 | Killed a ghost moth
 27083 | Spider:1 | Killed a ghost moth
 27084 | Spider:1 | Reached XP level 15. HP: 94/126 MP: 0/20
 27308 | Spider:1 | Found a transporter.
 27340 | Spider:1 | Got the +0 pair of boots of Liberty {Dex+6 Stlth+}
 27361 | Spider:1 | HP: 1/126 [boulder beetle (35)]
 27364 | Spider:1 | Reached skill level 15 in Axes
 27655 | Spider:1 | Lost mutation: You sometimes lose the ability to read
                  | scrolls when taking damage. [potion of mutation]
 27655 | Spider:1 | Lost mutation: Your magical capacity is low. (-10% MP)
                  | [potion of mutation]
 27655 | Spider:1 | Lost mutation: You have large cloven feet. [potion of
                  | mutation]
 27655 | Spider:1 | Gained mutation: Your spells are a little harder to cast,
                  | but a little more powerful. [potion of mutation]
 27655 | Spider:1 | Gained mutation: You are frail. (-10% HP) [potion of
                  | mutation]
 27832 | Shoals:1 | Entered Level 1 of the Shoals
 30733 | Shoals:2 | Noticed Polyphemus
 31241 | Shoals:2 | Noticed a kraken
 31482 | Shoals:2 | Slain by a tentacle

Illustrated notes

Levels and vault maps discovered:
D:1:      wheals_arrival_shading, layout_rooms, serial_shops, shop
D:2:      layout_basic, basic_altar, hellmonk_ecumenical_altar_watching_god
D:3:      layout_basic
D:4:      layout_layer_cave, serial_shops, nicolae_diamond_shop,
          uniq_crazy_yiuf_cottage, uniq_natasha, uniq_grinder
D:5:      layout_loops_ring, enter_ossuary_4, serial_shops, shop,
          serial_park_tiny_1, kennysheep_generic_room_6
D:6:      layout_basic, lemuel_coloured_pillars_altar, uniq_blork_the_orc,
          uniq_maggie, uniq_edmund
D:7:      layout_basic, mainiacjoe_overflow_big_doors,
          minmay_temple_entry_sparse_star, serial_shops, kennysheep_mini,
          uniq_prince_ribbit1, uniq_pikel, uniq_joseph
D:8:      layout_gridville, minmay_small_thing
D:9:      layout_grid_maze, zin_academy, lemuel_tele_altar,
          nicolae_sif_muna_little_library, gammafunk_ghost_necromancy,
          serial_shops, shop, uniq_gastronok
D:10:     layout_basic, erik_lair_dragon, orc_david_3
Lair:1:   layout_chaotic_city, serial_forest, infiniplex_forest_lined_3,
          infiniplex_forest_clump_medium, infiniplex_forest_clump_long,
          infiniplex_forest_straight_3, infiniplex_forest_lined_3_way,
          infiniplex_forest_corner_2, infiniplex_forest_straight_3,
          infiniplex_forest_end_2, infiniplex_forest_lined_corner, wad_woods_03
Lair:2:   layout_gridlike, spider_nest_entry_a, cheibrodos_lair_reptile_den,
          uniq_amaemon
Lair:3:   layout_layer_cave, minmay_shoals_entry_centaurs
Lair:4:   layout_roguey, lemuel_fruit_fields, grunt_megastairs_3,
          serial_bayou_shore_b, serial_bayou_shore_b, serial_bayou_shore_a
Lair:5:   layout_long_grid, nicolae_slime_entry_slimehenge, uniq_sonja
Lair:6:   guppyfry_lair_end_dragon, layout_hall_layers, wormcave
Shoals:1: cheibrodos_shoals_roost, layout_shoals,
          portal_ice_cave_entry_pillars_1
Shoals:2: layout_shoals, uniq_polyphemus
Spider:1: gammafunk_boulding_lane
Orc:1:    nicolae_orc_accident_2, layout_diamond_mine, basic_altar
Orc:2:    pf_orc_diabolical, layout_caves, lightli_church_of_beogh

Skill      XL: |  1  2  3  4  5  6  7  8  9 10 11 12 13 14 15 |
---------------+----------------------------------------------+-----
Shields        | 4 5 6 7 9 10 | 10.1
Armour         | 4 5 6 7 9 10 11 12 13 15 | 15.9
Fighting       | 4 5 6 7 9 10 11 12 13 15 | 15.8
Axes           | 3 4 5 6 7 8 9 11 12 13 14 15 | 15.7
Invocations    | 1 4 5 7 8 10 11 | 11.6
Dodging        | 1 4 7 9 11 12 | 12.0
Throwing       | 1 4 |  4.5

Action                   |  1- 3 |  4- 6 |  7- 9 | 10-12 | 13-15 || total
-------------------------+-------+-------+-------+-------+-------++-------
Melee: War axe           |    39 |    56 |   212 |   330 |       ||   637
       Headbutt          |     6 |     8 |    50 |   126 |   245 ||   435
       Spear             |       |    13 |       |       |       ||    13
       Battleaxe         |       |       |       |   113 |       ||   113
       Flail             |       |       |       |    69 |   892 ||   961
 Fire: Hunting sling     |    50 |    80 |    15 |       |       ||   145
Throw: Boomerang         |       |     5 |     4 |    64 |    85 ||   158
Invok: Ancestor Identity |       |     1 |       |       |       ||     1
       Ancestor Life: He |       |       |     1 |       |       ||     1
       Recall Ancestor   |       |       |       |     1 |     2 ||     3
       Idealise          |       |       |       |       |    12 ||    12
       Transference      |       |       |       |       |     2 ||     2
Evoke: Wand              |       |       |       |     7 |    18 ||    25
       Lightning rod     |       |       |       |     3 |     1 ||     4
  Use: Scroll            |       |     8 |     5 |     9 |    13 ||    35
       Potion            |       |       |     1 |     6 |    17 ||    24
 Stab: Distracted        |       |       |     4 |    10 |    16 ||    30
       Confused          |       |       |     2 |    11 |    14 ||    27
       Sleeping          |       |       |       |     1 |     3 ||     4
       Paralysed         |       |       |       |       |    24 ||    24
Armor: Scale mail        |    27 |    24 |       |       |       ||    51
       Chain mail        |       |     2 |    82 |       |       ||    84
       Swamp dragon scal |       |       |    17 |   254 |   262 ||   533
       Quicksilver drago |       |       |       |       |    61 ||    61
       Fire dragon scale |       |       |       |       |     7 ||     7
Dodge: Dodged            |    40 |    34 |    68 |   367 |   886 ||  1395
Block: Buckler           |    15 |    22 |    44 |   127 |   346 ||   554

Table legend: (Time is in decaauts)
 A = Elapsed time spent in this place.
 B = Non-inter-level travel time spent in this place.
 C = Inter-level travel time spent in this place.
 D = Time resting spent in this place.
 E = Time spent auto-exploring this place.
 F = Levels seen in this place.
 G = Mean time per level.
                   A        B        C        D        E       F      G
               +--------+--------+--------+--------+--------+-----+--------+
         Total |  31777 |  30391 |   1386 |   7425 |  16526 |  22 | 1444.4 |
       Dungeon |  12072 |  11393 |    679 |    766 |   8838 |  10 | 1207.2 |
          Lair |   9557 |   9162 |    395 |   1828 |   5514 |   6 | 1592.8 |
        Shoals |   3216 |   3105 |    111 |   1625 |    757 |   2 | 1608.0 |
   Spider Nest |   2083 |   2068 |     15 |   1128 |    620 |   1 | 2083.0 |
  Orcish Mines |   4112 |   3927 |    185 |   1721 |    666 |   2 | 2056.0 |
       Ossuary |    734 |    734 |      0 |    357 |    131 |   1 |  734.0 |
               +--------+--------+--------+--------+--------+-----+--------+

Top non-repeatable levels by time:
Shoals:1: 2522 daAuts
   Orc:2: 2280 daAuts
  Lair:2: 2217 daAuts
Spider:1: 2083 daAuts
  Lair:6: 1965 daAuts
     D:9: 1934 daAuts
   Orc:1: 1832 daAuts
     D:8: 1827 daAuts
    D:10: 1596 daAuts
     D:4: 1556 daAuts
  Lair:1: 1468 daAuts
  Lair:3: 1402 daAuts
  Lair:4: 1307 daAuts
  Lair:5: 1198 daAuts
     D:6: 1031 daAuts
